 Dungeon Crawl Stone Soup version 0.27.1 (webtiles) character file.

Game seed: 5276181449522108038

10581 venom666 the Grappler (level 11, -15/85 HPs)
             Began as a Ghoul Gladiator on Aug 26, 2021.
             Was a Priest of Okawaru.
             Demolished by a tentacled starspawn (32 damage)
             ... on level 2 of the Abyss.
             The game lasted 00:24:06 (12361 turns).

venom666 the Grappler (Ghoul Gladiator)            Turns: 12361, Time: 00:24:08

Health: -15/85     AC: 12    Str: 27    XL:     11   Next: 64%
Magic:  0/13       EV:  6    Int:  4    God:    Okawaru [***...]
Gold:   286        SH:  0    Dex: 10    Spells: 10/10 levels left

rFire    . . .     SeeInvis +     - Unarmed
rCold    + . .     Faith    .   (no shield)
rNeg     + + +     Spirit   +   m - +0 chain mail
rPois    ∞         Reflect  .   i - +1 helmet
rElec    .         Harm     .   (no cloak)
rCorr    .         Rampage  .   (no gloves)
Will     .....                  (no boots)
Stlth    ..........             j - amulet of guardian spirit
HPRegen  0.00/turn              d - ring of see invisible
MPRegen  0.13/turn              k - +6 ring of strength

@: confused, about to teleport, very slightly contaminated, inhibited regen,
hasted, constricted, invisible, very quick
A: claws 1, cold resistance 1, negative energy resistance 3, inhibited
regeneration, torment resistance 2
a: Renounce Religion, Heroism


You were on level 2 of the Abyss.
You worshipped Okawaru.
Okawaru was most pleased with you.
You visited 2 branches of the dungeon, and saw 12 of its levels.
You visited the Abyss 1 time.

You collected 693 gold pieces.
You spent 407 gold pieces at shops.

Inventory:

Hand Weapons
 B - the +1 hunting sling of the Beast {freeze, rElec Str+4}
   (You found it on level 4 of the Dungeon)

   Any ammunition fired from it freezes those it strikes, dealing additional
   cold damage.
   It can also slow down cold-blooded creatures.
   Str:       It affects your strength (+4).
   rElec:     It insulates you from electricity.
Missiles
 c - 2 throwing nets
 q - 66 sling bullets
 r - 14 boomerangs
 E - 32 poisoned darts (quivered)
 F - a curare-tipped dart
 N - a boomerang of dispersal
Armour
 i - a +1 helmet (worn)
 m - a +0 chain mail (worn)
Jewellery
 d - a ring of see invisible (left claw)
 j - an amulet of guardian spirit (around neck)
 k - a +6 ring of strength (right claw)
 p - a +6 ring of dexterity
 A - a ring of resist corrosion
 O - an amulet of reflection
Wands
 D - a wand of mindburst (7)
 H - a wand of paralysis (8)
 J - a wand of flame (43)
Scrolls
 a - 4 scrolls of enchant weapon
 g - 2 scrolls of amnesia
 l - a scroll of noise
 n - 2 scrolls of blinking
 t - a scroll of enchant armour
 v - 2 scrolls of teleportation
 x - 2 scrolls of fog
 y - 3 scrolls of vulnerability
 C - a scroll of holy word
 G - 3 scrolls of magic mapping
 I - a scroll of fear
Potions
 b - 3 potions of attraction
 e - a potion of cancellation {unknown}
 f - 2 potions of lignification {unknown}
 h - a potion of flight {unknown}
 s - 2 potions of degeneration
 w - 2 potions of resistance {unknown}
 z - a potion of ambrosia {unknown}
Miscellaneous
 P - a phial of floods


   Skills:
 + Level 4.4 Fighting
 * Level 6.3 Throwing
 + Level 6.2 Armour
 + Level 4.0 Dodging
 - Level 1.5 Stealth
 * Level 14.1 Unarmed Combat
 * Level 4.8 Invocations
 * Level 3.2 Evocations


You had 10 spell levels left.
You didn't know any spells.
Your spell library contained the following spells:

 Spells                   Type           Power      Damage    Failure   Level
 Foxfire                  Conj/Fire      0%         2x1d4     97%         1
 Blink                    Tloc           N/A        N/A       99%         2
 Passwall                 Tmut/Erth      0%         N/A       99%         2
 Conjure Flame            Conj/Fire      0%         6-21      100%        3
 Inner Flame              Hex/Fire       0%         N/A       100%        3
 Lesser Beckoning         Tloc           0%         N/A       100%        3
 Swiftness                Air            0%         N/A       100%        3
 Hailstorm                Conj/Ice       0%         3d3       100%        4
 Manifold Assault         Tloc           0%         N/A       100%        5
 Invisibility             Hex            0%         N/A       100%        6
 Simulacrum               Ice/Necr       0%         N/A       100%        6
 Ice Form                 Ice/Tmut       Unusable   N/A       N/A         4

Dungeon Overview and Level Annotations

Branches:
Dungeon (11/15)            Temple (1/1) D:7            Lair (0/6) D:8
    Orc: D:9-12

Altars:
Ashenzari
Cheibriados
Dithmenos
Elyvilon
Fedhas
Gozag
Hepliaklqana
Kikubaaqudgha
Makhleb
Nemelex Xobeh
Okawaru
Qazlal
Ru
Sif Muna
Trog
Uskayaw
Vehumet
Wu Jian
Xom
Yredelemnul
Zin
The Shining One

Shops:
D:3 !   D:9 *

Annotations:
D:2 1 runed translucent door, Crazy Yiuf
D:11 Psyche


Innate Abilities, Weirdness & Mutations

You thrive by killing the living.
You are immune to poison.
You have sharp fingernails.
Your flesh is cold resistant. (rC+)
You are immune to negative energy. (rN+++)
You do not regenerate when monsters are visible.
You are immune to unholy pain and torment.


Message History

You escape the starspawn tentacle's grasp.
The iron imp hits you.
The golden eye blinks!
The tentacled starspawn bites you!
The tentacled starspawn tentacle-slaps you.
The starspawn tentacle grabs you. The starspawn tentacle constricts you.
The earth elemental completely misses you.
The iron imp laughs crazily.
The starspawn tentacle loses its grip on you.
The tentacle pulls you backwards!
You feel better. The starspawn tentacle grabs you.
The starspawn tentacle constricts you.
The starspawn tentacle loses its grip on you.
The tentacle pulls you backwards! The starspawn tentacle grabs you.
The starspawn tentacle constricts you.
A large abomination comes into view.
You feel much better.
The tentacled starspawn closely misses you.
The tentacled starspawn tentacle-slaps you but does no damage.
The starspawn tentacle constricts you.
The starspawn tentacle's grasp on you weakens, but your attempt to escape fails.
The golden eye blinks at you.
You are confused.
The tentacled starspawn bites you!
The tentacled starspawn tentacle-slaps you!!
The earth elemental hits you.
* * * LOW HITPOINT WARNING * * *
The starspawn tentacle constricts you.
You feel better. The golden eye blinks at you.
You are confused.
The tentacled starspawn barely misses you.
The tentacled starspawn tentacle-slaps you but does no damage.
The starspawn tentacle constricts you.
You feel yourself speed up.
The thrashing horror roars!
The golden eye blinks at you. You resist with almost no effort.
The earth elemental hits you!
* * * LOW HITPOINT WARNING * * *
The tentacled starspawn bites you!!
You die...

#.# . ....
#... .# ......
#... .## ..
... #.§
#.#......
#..##.#....
#......#.#####
#.#
Λ5........#
#.│#Xw....(..#
#.\#@E###....#
.#
##.w.G.#.#'###
# . ##...##...
.. ...##
#..#.. .#.....
.. .#
...#.)###. .X
. #.
.##...#.#X.##.
. #.
##§###.#...#
X# ....#. ..
#.. ... #..###
.#.#..# .


You could see a tentacled starspawn, a thrashing horror, a large abomination
(wandering), an earth elemental, 2 starspawn tentacles, an iron imp and a golden
eye.

Vanquished Creatures
  Erica (D:8)
  3 death yaks (D:7)
  Nergalle (D:10)
  Pikel (D:7)
  A cyclops (D:9)
  A komodo dragon (D:10)
  2 hornets
  2 shadows
  A wyvern (D:5)
  3 yaks (D:10)
  A ynoxinul (Abyss:2)
  A steam dragon (D:6)
  3 vampire mosquitoes (D:10)
  2 acid dragons
  3 water moccasins
  An orc warrior (D:9)
  An ice beast (D:7)
  2 sky beasts
  A black bear (D:7)
  A necrophage (D:5)
  An ogre (D:4)
  4 centaurs
  A lemure (D:7)
  3 kobold brigands
  2 bullfrogs
  2 gnoll sergeants (D:7)
  2 scorpions (D:5)
  2 wyvern skeletons
  A water moccasin skeleton (D:5)
  17 killer bees
  A wight (D:6)
  A howler monkey (D:5)
  An electric eel (D:11)
  6 centaur zombies
  A hound (D:7)
  A jelly (D:7)
  2 bullfrog skeletons
  2 centaur skeletons
  4 orc priests
  4 iguanas
  4 orc wizards
  2 hell rats (D:8)
  A hound skeleton (D:4)
  A howler monkey zombie (D:9)
  Robin (D:3)
  14 gnolls
  A howler monkey skeleton (D:4)
  9 adders
  3 river rats (D:8)
  A shadow imp (D:8)
  2 white imps (D:5)
  An adder skeleton (D:4)
  2 dart slugs
  A worm (D:2)
  13 orcs
  10 ball pythons
  4 endoplasms
  6 giant cockroaches
  17 goblins
  7 hobgoblins
  5 jackals (D:1)
  5 quokkas
  3 bats
  5 frilled lizards
  23 kobolds
  6 rats
237 creatures vanquished.

Vanquished Creatures (others)
  A starspawn tentacle (Abyss:2)
1 creature vanquished.

Grand Total: 238 creatures vanquished

Notes
Turn   | Place    | Note
-------+----------+-------------------------------------------
     0 | D:1      | venom666 the Ghoul Gladiator began the quest for the Orb.
     0 | D:1      | Reached XP level 1. HP: 17/17 MP: 0/0
   141 | D:1      | Reached XP level 2. HP: 13/24 MP: 1/1
   512 | D:1      | Reached XP level 3. HP: 29/29 MP: 2/2
   982 | D:1      | Reached skill level 4 in Unarmed Combat
  1179 | D:2      | Reached XP level 4. HP: 29/36 MP: 3/3
  1651 | D:2      | Found a runed translucent door.
  1652 | D:2      | Noticed Crazy Yiuf
  2124 | D:2      | Found a faded altar of an unknown god.
  2502 | D:3      | Reached skill level 1 in Armour
  2502 | D:3      | Reached skill level 5 in Unarmed Combat
  2502 | D:3      | Reached XP level 5. HP: 29/42 MP: 2/4
  2707 | D:3      | Noticed a sky beast
  2713 | D:3      | Killed a sky beast
  2822 | D:3      | Reached XP level 6. HP: 50/50 MP: 5/5
  2953 | D:3      | Found Veof's Distillery.
  2956 | D:3      | Bought a potion of degeneration for 11 gold pieces
  2956 | D:3      | Bought a potion of heal wounds for 55 gold pieces
  2956 | D:3      | Bought a potion of curing for 33 gold pieces
  2956 | D:3      | Bought a potion of might for 44 gold pieces
  3239 | D:3      | Noticed Robin
  3244 | D:3      | Killed Robin
  3264 | D:3      | Reached skill level 6 in Unarmed Combat
  3412 | D:4      | You fall into a shaft and drop 2 floors!
  3446 | D:6      | Found a hazy altar of Hepliaklqana.
  3529 | D:5      | Entered Level 5 of the Dungeon
  3604 | D:4      | Reached skill level 1 in Stealth
  3705 | D:4      | Identified the +1 hunting sling of the Beast {freeze, rElec
                  | Str+4}
  3766 | D:4      | Reached XP level 7. HP: 53/56 MP: 6/6
  3921 | D:4      | Reached skill level 7 in Unarmed Combat
  4197 | D:4      | Found an ancient bone altar of Kikubaaqudgha.
  4197 | D:4      | Found a faded altar of an unknown god.
  4205 | D:4      | Found a stormy altar of Qazlal.
  4207 | D:4      | Found a faded altar of an unknown god.
  4209 | D:4      | Found a shimmering blue altar of Sif Muna.
  4388 | D:5      | Noticed a wyvern
  4409 | D:5      | Killed a wyvern
  4641 | D:5      | Reached skill level 8 in Unarmed Combat
  4833 | D:5      | Reached XP level 8. HP: 58/62 MP: 5/7
  5845 | D:6      | Reached skill level 9 in Unarmed Combat
  6186 | D:6      | Found an opulent altar of Gozag.
  6240 | D:6      | Reached XP level 9. HP: 69/69 MP: 8/8
  6912 | D:7      | Reached skill level 10 in Unarmed Combat
  7274 | D:7      | Noticed Pikel
  7290 | D:7      | Killed Pikel
  7477 | D:7      | Found a staircase to the Ecumenical Temple.
  7583 | D:7      | Reached skill level 11 in Unarmed Combat
  7944 | Temple   | Entered the Ecumenical Temple
  8020 | Temple   | Became a worshipper of Warmaster Okawaru
  8060 | D:8      | Reached skill level 1 in Invocations
  8101 | D:8      | Noticed Erica
  8156 | D:8      | Killed Erica
  8157 | D:8      | Reached skill level 5 in Throwing
  8157 | D:8      | Reached skill level 5 in Armour
  8157 | D:8      | Reached skill level 1 in Evocations
  8157 | D:8      | Reached XP level 10. HP: 78/78 MP: 9/11
  8319 | D:8      | Noticed a death yak
  8320 | D:8      | Noticed a death yak
  8325 | D:8      | Noticed a death yak
  8346 | D:7      | Killed a death yak
  8346 | D:7      | Reached * piety under Okawaru
  8347 | D:7      | Reached skill level 12 in Unarmed Combat
  8632 | D:7      | Killed a death yak
  8632 | D:7      | Reached ** piety under Okawaru
  9078 | D:7      | Killed a death yak
  9556 | D:8      | Found a staircase to the Lair.
 10108 | D:9      | Reached skill level 13 in Unarmed Combat
 10192 | D:9      | Noticed a cyclops
 10200 | D:9      | Killed a cyclops
 10201 | D:9      | Reached XP level 11. HP: 77/84 MP: 8/13
 10768 | D:9      | Found Elyv's Serpentskin Sales.
 10952 | D:3      | Bought a potion of haste for 110 gold pieces
 10952 | D:3      | Bought a potion of invisibility for 88 gold pieces
 10952 | D:3      | Bought 2 potions of curing for 66 gold pieces
 11088 | D:10     | Entered Level 10 of the Dungeon
 11256 | D:10     | Noticed Nergalle
 11265 | D:10     | Killed Nergalle
 11265 | D:10     | Reached *** piety under Okawaru
 11592 | D:10     | Reached skill level 14 in Unarmed Combat
 12193 | D:11     | Noticed Psyche
 12201 | D:11     | Cast into level 2 of the Abyss (Psyche)
 12333 | Abyss:2  | Noticed a thrashing horror
 12338 | Abyss:2  | Noticed a tentacled starspawn
 12361 | Abyss:2  | Demolished by a tentacled starspawn

Illustrated notes

Levels and vault maps discovered:
D:1:      dpeg_arrival_water_fire, layout_loops_ring
D:2:      layout_loops_corners, shapermc_ecumenical_altar_hornbeckon,
          hangedman_glass_teeth, minivault_14, uniq_crazy_yiuf_cottage
D:3:      layout_loops_ring, mainiacjoe_overflow_catwalk, serial_shops, shop,
          kennysheep_cross_bottleneck, minmay_distorted, uniq_robin
D:4:      layout_loops_ring, chequers_temple_overflow_minitemple,
          minmay_misc_feat_roman
D:5:      lemuel_ice_spiral_2, layout_basic, columned_hall_lemuel
D:6:      layout_basic, nicolae_gozag_seed_capital,
          nicolae_hepliaklqana_hippocampus, portal_sewer_entry_d,
          minmay_starry_boxes
D:7:      layout_basic, temple_fountains, uniq_pikel
D:8:      layout_rooms, dpeg_lair_monsters, minmay_misc_feat_secret_circle,
          uniq_erica
D:9:      layout_irregular_city, guppyfry_shop_venom
D:10:     layout_loops_ring, serial_bayou_pond_d, uniq_nergalle
D:11:     layout_basic, uniq_psyche, uniq_erolcha
Temple:   compressed_dpeg_circular_temple
Abyss:2:  base:
D:9

Skill      XL: |  1  2  3  4  5  6  7  8  9 10 11 |
---------------+----------------------------------+-----
Dodging        | 3 4 |  4.0
Unarmed Combat | 4 5 6 8 9 11 13 14 | 14.1
Throwing       | 2 3 4 5 6 |  6.3
Armour         | 1 2 3 5 6 |  6.2
Stealth        | 1 |  1.5
Fighting       | 3 4 |  4.4
Invocations    | 2 4 |  4.8
Evocations     | 1 2 3 |  3.2

Action                   |  1- 3 |  4- 6 |  7- 9 | 10-12 || total
-------------------------+-------+-------+-------+-------++-------
Melee: Unarmed           |   104 |   168 |   243 |   250 ||   765
       Punch             |     1 |     2 |    12 |    26 ||    41
Throw: Throwing net      |       |     4 |     3 |       ||     7
       Dart              |       |       |     2 |     6 ||     8
       Boomerang         |       |       |       |     1 ||     1
Invok: Heroism           |       |       |       |    22 ||    22
Evoke: Wand              |       |       |       |     1 ||     1
  Use: Scroll            |       |       |    10 |     3 ||    13
       Potion            |       |       |     5 |     8 ||    13
 Stab: Held in net/web   |       |     1 |       |       ||     1
Armor: Leather armour    |    25 |       |       |       ||    25
       Chain mail        |       |    61 |   108 |   117 ||   286
       Ring mail         |       |     3 |       |       ||     3
Dodge: Dodged            |    64 |    49 |   109 |   162 ||   384
